 Dungeon Crawl Stone Soup version 0.28-a0-2-g643f2454ad (console) character file.

Game seed: 1935396506695155201

(classic levelgen) 1488 Emru the Cleaver (level 8, -3/102 HPs)
             Began as a Hill Orc Fighter on June 18, 2019.
             Was an Initiate of Beogh.
             Killed by divine providence
             ... invoked by an orc priest
              (13 damage)
             ... on level 6 of the Dungeon on July 22, 2021.
             The game lasted 00:16:44 (6184 turns).

Emru the Cleaver (Hill Orc Fighter)                 Turns: 6184, Time: 00:16:44

Health: -3/102     AC: 24    Str: 19 (21) XL:     8   Next: 80%
Magic:  8/8        EV:  2    Int:  7 (8)  God:    Beogh [......]
Gold:   367        SH:  9    Dex:  7 (10) Spells: 7/7 levels left

rFire   . . .      SeeInvis .   a - +1 war axe
rCold   + . .      Faith    .   c - +0 kite shield
rNeg    + + +      Spirit   .   (armour currently unavailable)
rPois   +          Reflect  .   (helmet currently unavailable)
rElec   .          Harm     .   (cloak currently unavailable)
rCorr   .          Rampage  .   (gloves currently unavailable)
Will    .....      NoTele   +   (boots currently unavailable)
Stlth   +.........              (no amulet)
HPRegen 0.27/turn               y - ring of protection from cold
MPRegen 0.11/turn               (no ring)

@: tree-form, very slightly contaminated, invisible
A: stationary, stasis, torment immunity, boosted hp
a: Renounce Religion


You were on level 6 of the Dungeon.
You worshipped Beogh.
Beogh was noncommittal.
You were a tree.
You visited 1 branch of the dungeon, and saw 6 of its levels.

You collected 367 gold pieces.

Inventory:

Hand Weapons
 a - a +1 war axe (weapon)
Missiles
 u - 2 boomerangs (quivered)
Armour
 b - a +0 scale mail
 c - a +0 kite shield (worn)
 m - a +0 pair of gloves (melded)
 w - a +1 plate armour (melded)
Jewellery
 y - a ring of protection from cold (left branch)
Scrolls
 d - a scroll of teleportation
 e - a scroll of blinking
 i - a scroll of magic mapping
 l - a scroll of fear
Potions
 j - 6 potions of flight
 o - a potion of magic {unknown}
 q - a potion of attraction {unknown}
 r - a potion of curing {unknown}
 v - 2 potions of cancellation
 z - a potion of berserk rage {unknown}
Comestibles
 f - 2 removed foods


   Skills:
 - Level 5.3 Fighting
 * Level 9.2 Axes
 + Level 1.5 Throwing
 + Level 6.5 Armour
 + Level 1.8 Dodging
 - Level 0.1 Stealth
 + Level 5.6 Shields


You had 7 spell levels left.
You didn't know any spells.
Your spell library contained the following spells:

 Spells                   Type           Power      Damage    Failure   Level
 Magic Dart               Conj           0%         1d3       83%         1
 Blink                    Tloc           N/A        N/A       93%         2
 Call Imp                 Summ           0%         N/A       93%         2
 Slow                     Hex            0%         N/A       93%         2
 Conjure Flame            Conj/Fire      0%         6-21      99%         3
 Lesser Beckoning         Tloc           0%         N/A       99%         3
 Mephitic Cloud           Conj/Pois/Air  0%         N/A       99%         3
 Manifold Assault         Tloc           0%         N/A       100%        5


Dungeon Overview and Level Annotations

Branches:
Dungeon (6/15)
 Temple: D:4-7

Altars:
Cheibriados
Makhleb
Okawaru
Trog
Wu Jian
Yredelemnul
Zin


Message History

You hit the orc.
The orc is heavily wounded.
You closely miss something. The orc hits you but does no damage.
Something hits you but does no damage.
You completely miss the orc.
The orc is heavily wounded.
You miss something. The orc barely misses you.
The orc priest calls down the wrath of Beogh upon you.
Beogh smites you!
* * * LOW HITPOINT WARNING * * *
Something hits you but does no damage. The orc hits you but does no damage.
It was a potion of degeneration.
There was something very wrong with that liquid.
You feel weakened.
You feel dopey.
You feel clumsy. The orc hits you but does no damage.
You hear some strange, mumbled words.
A magic dart appears from out of thin air!
The magic dart hits you!
* * * LOW HITPOINT WARNING * * *
You block the orc's attack.
Really quaff the potion of lignification?
You turn into a tree.
Your +0 pair of gloves melds into your body.
Your +1 plate armour melds into your body.
Your roots penetrate the ground.
You block the orc's attack.
The orc priest begins to cast a cantrip, but forgets the words!
Something hits you but does no damage. The orc hits you but does no damage.
You closely miss the orc.
The orc is heavily wounded.
You miss something. You hit the orc. The orc hits you but does no damage.
Something hits you but does no damage. The orc hits you but does no damage. x2
It was a potion of invisibility.
You fade into invisibility!
Something hits you but does no damage. The orc completely misses you.
You are very lightly contaminated with residual magic.
Something hits you but does no damage.
The orc priest mumbles some strange prayers to Beogh against you.
Beogh smites you!
You die...
Beogh appreciates the orc priest's killing of a heretic priest.

. ### ..
#########.. ...
..........# ....
..........# .....
<.......o.##......
.........o')...#
#......o♣{##...#
#.........# ...#
#.....(...## ..#
#########...# .#
#......##...# #
#......##...#
#......''...+
#......##...#
#......##...#


You could see an orc priest and 2 orcs.

Vanquished Creatures
  Grinder (D:3)
  A sky beast (D:4)
  A phantom (D:5)
  3 ogres (D:5)
  A necrophage (D:6)
  A scorpion (D:6)
  A wyvern zombie (D:6)
  A howler monkey (D:4)
  A crimson imp (D:3)
  A jelly (D:5)
  2 hounds
  3 orc wizards
  2 orc priests (D:6)
  3 removed worker ants
  A ghost (D:5)
  7 gnolls
  6 adders
  A shadow imp (D:6)
  3 white imps (D:5)
  An ufetubus (D:5)
  An endoplasm (D:1)
  A worm (D:4)
  3 dart slugs
  13 orcs
  4 removed leopard geckos
  5 giant cockroaches
  8 goblins
  10 hobgoblins
  2 jackals (D:2)
  8 kobolds
  3 quokkas
  4 ball pythons
  4 bats
  2 frilled lizards (D:1)
  13 rats
  A removed leopard gecko skeleton (D:4)
123 creatures vanquished.

Vanquished Creatures (others)
  An orc wizard (D:4)
  An orc (D:4)
2 creatures vanquished.

Grand Total: 125 creatures vanquished

Notes
Turn   | Place    | Note
-------+----------+-------------------------------------------
     0 | D:1      | Emru the Hill Orc Fighter began the quest for the Orb.
     0 | D:1      | Reached XP level 1. HP: 19/19 MP: 1/1
   122 | D:1      | Reached XP level 2. HP: 25/27 MP: 2/2
   232 | D:1      | Reached skill level 3 in Axes
   349 | D:1      | Found an iron altar of Okawaru.
   428 | D:1      | Reached XP level 3. HP: 27/33 MP: 3/3
   566 | D:1      | Upgraded the game from 0.24-a0-439-g6dd8730de2 to
                  | 0.25-a0-41-g6cf4ce537d
   878 | D:2      | Upgraded the game from 0.25-a0-41-g6cf4ce537d to
                  | 0.25-a0-167-g836c352ace
  1028 | D:2      | Reached XP level 4. HP: 22/40 MP: 4/4
  1035 | D:2      | Reached skill level 4 in Axes
  1434 | D:2      | Upgraded the game from 0.25-a0-167-g836c352ace to
                  | 0.25-a0-185-g6cfeca75b2
  1601 | D:3      | Found a burning altar of Makhleb.
  1605 | D:3      | Reached XP level 5. HP: 43/46 MP: 5/5
  1606 | D:3      | Upgraded the game from 0.25-a0-185-g6cfeca75b2 to
                  | 0.27-a0-103-g6cd7b45605
  1819 | D:3      | Noticed Grinder
  1826 | D:3      | Paralysed by Grinder for 5 turns
  1834 | D:3      | Paralysed by Grinder for 2 turns
  1838 | D:3      | Upgraded the game from 0.27-a0-103-g6cd7b45605 to
                  | 0.27-a0-141-g0b64aa269c
  1853 | D:3      | HP: 1/46 [Grinder (5)]
  1854 | D:3      | Killed Grinder
  1855 | D:3      | Reached skill level 5 in Axes
  1855 | D:3      | Reached skill level 1 in Dodging
  1855 | D:3      | Reached XP level 6. HP: 2/53 MP: 6/6
  2631 | D:3      | Found a basalt altar of Yredelemnul.
  2631 | D:3      | Found a glowing silver altar of Zin.
  3033 | D:4      | Reached XP level 7. HP: 33/60 MP: 7/7
  3180 | D:4      | Reached skill level 6 in Axes
  3219 | D:4      | Reached skill level 5 in Armour
  3375 | D:4      | Reached skill level 5 in Fighting
  3375 | D:4      | Reached skill level 5 in Shields
  3901 | D:4      | Became a worshipper of Beogh the Brigand
  4235 | D:4      | Found an ornate altar of the Wu Jian Council.
  4471 | D:5      | Entered Level 5 of the Dungeon
  4609 | D:5      | Found a bloodstained altar of Trog.
  4648 | D:5      | Reached skill level 7 in Axes
  4648 | D:5      | Reached skill level 1 in Throwing
  4648 | D:5      | Upgraded the game from 0.27-a0-141-g0b64aa269c to
                  | 0.27-a0-223-ge082b6e869
  4648 | D:5      | Upgraded the game from 0.27-a0-223-ge082b6e869 to
                  | 0.28-a0-2-g643f2454ad
  4753 | D:5      | Reached XP level 8. HP: 48/68 MP: 8/8
  5170 | D:5      | Reached skill level 8 in Axes
  5588 | D:6      | Found a snail-covered altar of Cheibriados.
  6130 | D:6      | Reached skill level 9 in Axes
  6184 | D:6      | Killed from afar by an orc priest

Illustrated notes

Levels and vault maps discovered:
D:1:      dpeg_arrival_morbid_curiosity, layout_basic, minivault_24,
          minmay_misc_feat_ornament, okawaru_ov_weapons_minmay
D:2:      layout_rooms, minivault_26, minmay_statues_item
D:3:      layout_basic, nicolae_overflow_hidden_temple, kennysheep_cross_room,
          kennysheep_flooded_box, st_stairs_1, uniq_grinder
D:4:      minmay_general_purpose_star, layout_loops_corners,
          nzn_wu_jian_council_hall
D:5:      layout_loops_ring, bloody_trog
D:6:      layout_basic, hangedman_ru_absence, lemuel_crystal_altar,
          minmay_temple_entry_statues_fountains, chequers_serial_rivers_large_b

Skill      XL: |  1  2  3  4  5  6  7  8 |
---------------+-------------------------+-----
Axes           | 3 4 5 7 9 |  9.2
Fighting       | 4 5 |  5.3
Shields        | 4 5 |  5.6
Armour         | 4 5 6 |  6.5
Dodging        | 1 |  1.8
Throwing       | 1 |  1.5
Stealth        | |  0.1

Action                   |  1- 3 |  4- 6 |  7- 9 || total
-------------------------+-------+-------+-------++-------
Melee: War axe           |   129 |   127 |   218 ||   474
Throw: Boomerang         |       |       |    11 ||    11
       Throwing net      |       |       |     1 ||     1
Invok: Convert to Beogh  |       |       |     1 ||     1
  Use: Potion            |     1 |     1 |     6 ||     8
       Scroll            |       |       |     9 ||     9
  Eat: Removed food      |     1 |       |       ||     1
Armor: Scale mail        |    67 |    74 |    52 ||   193
       Plate armour      |       |       |    62 ||    62
       Skin              |       |       |     8 ||     8
Dodge: Dodged            |    45 |    42 |    39 ||   126
Block: Kite shield       |    70 |    70 |   100 ||   240

Table legend: (Time is in decaauts)
 A = Elapsed time spent in this place.
 B = Non-inter-level travel time spent in this place.
 C = Inter-level travel time spent in this place.
 D = Time resting spent in this place.
 E = Time spent auto-exploring this place.
 F = Levels seen in this place.
 G = Mean time per level.
                   A        B        C        D        E       F      G
               +--------+--------+--------+--------+--------+-----+--------+
         Total |   6372 |   6212 |    160 |    364 |   4675 |   6 | 1062.0 |
       Dungeon |   6372 |   6212 |    160 |    364 |   4675 |   6 | 1062.0 |
               +--------+--------+--------+--------+--------+-----+--------+

Top non-repeatable levels by time:
     D:4: 1490 daAuts
     D:3: 1458 daAuts
     D:5: 1382 daAuts
     D:6: 370 daAuts
Note: time per level data comes from an upgraded game and may be incomplete.
